 Dungeon Crawl Stone Soup version 0.31-a0-640-g39d97e502b (webtiles) character file.

Game seed: 14405497453906894817

17 rvierbuc the Trooper (level 2, -1/24 HPs)
             Began as a Demonspawn Monk on Aug 28, 2023.
             Was a Priest of Nemelex Xobeh.
             Slain by an orc
             ... wielding a +0 mace
              (6 damage)
             ... on level 2 of the Dungeon.
             The game lasted 00:02:05 (879 turns).

rvierbuc the Trooper (Demonspawn Monk)               Turns: 879, Time: 00:02:05

Health: -1/24      AC:  2    Str: 11    XL:     2   Next: 44%
Magic:  2/2        EV: 13    Int: 11    God:    Nemelex Xobeh [***...]
Gold:   70         SH:  0    Dex: 15    Spells: 1/1 levels left

rFire   . .          .
                       - Unarmed
rCold   + . .        c - orb {light}
rNeg    . . .        a - +0 robe
rPois   .            (no helmet)
rElec   .            (no cloak)
rCorr   .            (no gloves)
SInv    .            (no boots)
Will    .....        h - amulet of magic regeneration
Stlth   +            f - ring of protection from cold
HPRegen 0.24/turn    (no ring)
MPRegen 0.48/turn

%: no passive effects
@: glowing
A: ignite blood 1
a: Renounce Religion, Draw Escape, Draw Destruction, Draw Summoning, Triple Draw


You were on level 2 of the Dungeon.
You worshipped Nemelex Xobeh.
Nemelex Xobeh was most pleased with you.
You visited 1 branch of the dungeon, and saw 2 of its levels.

You collected 70 gold pieces.

Inventory:

Armour
 a - a +0 robe (worn)
 c - an orb of light (worn)
Jewellery
 f - a ring of protection from cold (left hand)
 h - an amulet of magic regeneration (around neck)
Scrolls
 e - a scroll of identify {unknown}
 g - a scroll of torment {unknown}
Potions
 b - a potion of ambrosia
 d - a potion of magic {unknown}
 i - a potion of brilliance {unknown}
 j - 2 potions of curing {unknown}


   Skills:
 + Level 3.3 Fighting
 + Level 3.0 Dodging
 + Level 3.0 Unarmed Combat


You had one spell level left.
You didn't know any spells.
Your spell library was empty.

Dungeon Overview and Level Annotations

Branches:
Dungeon (2/15)

Altars:
Nemelex Xobeh

Shops:
D:1 ?


Innate Abilities, Weirdness & Mutations

Your demonic aura sometimes causes spilled blood to erupt in flames.


Message History

You start waiting.
Done waiting.
There is an open door here.
You see here a +0 robe.
There is an open door here.
There is a stone staircase leading down here.
You climb downwards.
The orc shouts! x3
Found 7 gold pieces.
Found an escape hatch in the ceiling.
Found a stone staircase leading down.
There is a stone staircase leading up here.
You hit the rat but do no damage. The rat closely misses you.
You hit the rat.
The rat is moderately wounded.
The rat bites you.
You hit the rat.
You kill the rat!
Your Dodging skill increases to level 3!
You completely miss the orc. The orc hits you with a +0 mace.
You hit the orc.
The orc is lightly wounded.
The orc hits you with a +0 mace. The orc attacks as it pursues you!
The orc closely misses you.
A rat comes into view.
The orc attacks as it pursues you! The orc hits you with a +0 mace.
There is an escape hatch in the ceiling here.
The orc attacks as it pursues you! The orc barely misses you.
You hit the rat but do no damage. The orc hits you with a +0 mace.
The rat closely misses you.
You hit the rat but do no damage. The orc hits you with a +0 mace.
The rat misses you.
You hit the rat.
You kill the rat!
The orc hits you with a +0 mace!
* * * LOW HITPOINT WARNING * * *
You barely miss the orc.
The orc is lightly wounded.
The orc hits you with a +0 mace.
You die...
Your body glows slightly brighter and disappears.

#. #. #^
#.##########.
######.#oo@.......
.......>o#########
.........#
.........#
........<#
........##
.........
.$......#
.........


You could see 3 orcs.

Vanquished Creatures
  2 bats (D:1)
  An endoplasm (D:1)
  A goblin (D:1)
  A hobgoblin (D:1)
  3 jackals (D:1)
  A quokka (D:1)
  2 ball pythons (D:1)
  2 kobolds (D:1)
  2 rats (D:2)
15 creatures vanquished.

Notes
Turn   | Place    | Note
-------+----------+-------------------------------------------
     0 | D:1      | rvierbuc the Demonspawn Monk began the quest for the Orb.
     0 | D:1      | Reached XP level 1. HP: 18/18 MP: 1/1
    57 | D:1      | Found a faded altar of an unknown god.
    61 | D:1      | Prayed at the altar of an unknown god.
    61 | D:1      | Became a worshipper of Nemelex Xobeh the Trickster
    61 | D:1      | Reached * piety under Nemelex Xobeh
    61 | D:1      | Received a gift from Nemelex Xobeh
    61 | D:1      | Reached ** piety under Nemelex Xobeh
    61 | D:1      | Received a gift from Nemelex Xobeh
   166 | D:1      | Found Sopseeli's Magic Scroll Boutique.
   239 | D:1      | Reached *** piety under Nemelex Xobeh
   247 | D:1      | Gained mutation: Your demonic aura sometimes causes spilled
                  | blood to erupt in flames. [demonic ancestry]
   247 | D:1      | Reached XP level 2. HP: 23/24 MP: 2/2
   269 | D:1      | Received a gift from Nemelex Xobeh
   879 | D:2      | Slain by an orc

Illustrated notes

Levels and vault maps discovered:
D:1:      elethiomel_arrival_shortcut, layout_basic,
          hellmonk_ecumenical_altar_heavens_door, serial_shops, shop
D:2:      layout_basic

Skill      XL: |  1  2 |
---------------+-------+-----
Unarmed Combat | 3 |  3.0
Dodging        | 3 |  3.0
Fighting       | |  3.3

Action                     || total
---------------------------++-------
  Melee: Unarmed           ||    59
 Armour: Robe              ||     7
  Dodge: Dodged            ||    50

Table legend: (Time is in decaauts)
 A = Elapsed time spent in this place.
 B = Non-inter-level travel time spent in this place.
 C = Inter-level travel time spent in this place.
 D = Time resting spent in this place.
 E = Time spent auto-exploring this place.
 F = Levels seen in this place.
 G = Mean time per level.
                   A        B        C        D        E       F      G
               +--------+--------+--------+--------+--------+-----+--------+
         Total |    875 |    802 |     73 |    142 |    524 |   2 |  437.5 |
       Dungeon |    875 |    802 |     73 |    142 |    524 |   2 |  437.5 |
               +--------+--------+--------+--------+--------+-----+--------+

Top non-repeatable levels by time:
     D:1: 854 daAuts
     D:2: 20 daAuts
